Map: [ESL] Gresvan

Players

DRG - Winner!

  • Race: Zerg Zerg
  • Spawn Location: 11:00

Solar

  • Race: Zerg Zerg
  • Spawn Location: 5:00

Event: IEM Katowice 2023

VOD

Have the link to the VOD?

Description

Time

  • Played on: Feb. 11, 2023, 7:09 a.m.
  • Length: 6:29

All games in this series

Show
View Real Time Build Order
Export as new Build Order

DRG Zerg - Winner!

Build Orders: Hatch First 

Get SALT Encoding   

  12  0:00  Drone  
  13  0:12  Overlord  
  13  0:17  Drone  
  14  0:31  Drone x2  
  16  0:47  Hatchery  
  15  0:51  Drone  
  15  0:54  Drone  
  17  0:57  Drone  
  18  1:08  Extractor  
  17  1:13  Spawning Pool  
  17  1:15  Drone  
  17  1:19  Drone  
  18  1:28  Drone  
  19  1:39  Drone  
  20  1:50  Drone  
  21  2:00  Overlord, Queen x2  
  25  2:01  Zergling x2  
  26  2:10  Drone  
  26  2:12  Metabolic Boost, Drone  
  28  2:21  Drone  
  28  2:22  Drone  
  30  2:31  Drone  
  30  2:34  Hatchery  
  30  2:36  Drone  
  31  2:43  Queen  
  33  2:49  Overlord  
  33  2:53  Baneling Nest  
  33  2:57  Drone  
  33  3:01  Drone x2  
  33  3:04  Drone  
  36  3:07  Zergling x2  
  36  3:09  Zergling x2  
  36  3:10  Zergling x2  
  39  3:14  Drone  
  39  3:15  Drone  
  39  3:17  Drone  
  42  3:22  Zergling x2  
  42  3:23  Zergling x2  
  42  3:25  Overlord  
  44  3:32  Evolution Chamber  
  44  3:33  Drone  
  44  3:37  Baneling  
  43  3:43  Overlord  
  43  3:44  Drone  
  43  3:45  Drone x3  
  43  3:48  Baneling x2  
  47  3:50  Zergling x2  
  47  3:54  Zergling x6  
  51  4:06  Zergling x6  
  54  4:11  Zerg Ground Armor Level 1  
  54  4:12  Extractor  
  54  4:13  Extractor  
  54  4:15  Drone x4  
  56  4:18  Spore Crawler  
  56  4:19  Drone x3  
  56  4:23  Drone x2  
  60  4:26  Drone  
  60  4:27  Drone  
  62  4:34  Roach Warren  
  62  4:36  Drone x2  
  63  4:40  Drone  
  63  4:42  Drone x2  
  63  4:45  Overlord  
  64  4:46  Zergling x2  
  64  4:48  Overlord  
  65  4:58  Zergling x2  
  66  5:05  Zergling x2  
  66  5:06  Baneling  
  63  5:12  Overlord  
  77  5:14  Roach x7  
  77  5:15  Baneling x2  
  77  5:19  Roach  
  77  5:20  Roach  
  81  5:29  Overlord  
  81  5:30  Overlord  
  81  5:32  Overlord  
  81  5:35  Overlord  
  81  5:39  Overlord  
  81  5:40  Roach  
  81  5:41  Roach x3  
  89  5:47  Zergling x10  
  94  5:51  Zergling x2  
  94  5:54  Baneling x6, Zergling x2  
  94  5:55  Baneling x3  
  96  6:00  Zergling x10  
  101  6:09  Zergling x8  
Show
View Real Time Build Order
Export as new Build Order

Solar Zerg 

Build Orders: Hatch First 

Get SALT Encoding   

  12  0:00  Drone  
  13  0:12  Overlord  
  13  0:17  Drone  
  14  0:31  Drone x2  
  16  0:47  Hatchery  
  15  0:51  Drone  
  15  0:54  Drone  
  17  0:57  Drone  
  18  1:08  Extractor  
  17  1:13  Spawning Pool  
  17  1:15  Drone  
  17  1:19  Drone  
  18  1:27  Drone  
  19  1:38  Drone  
  20  1:49  Drone  
  21  1:59  Queen x2  
  21  2:00  Zergling x2  
  26  2:01  Overlord  
  26  2:10  Metabolic Boost  
  26  2:11  Drone x2  
  28  2:21  Drone x2  
  30  2:32  Hatchery  
  30  2:35  Zergling x2  
  30  2:42  Queen  
  32  2:45  Drone  
  33  2:52  Baneling Nest  
  33  2:54  Overlord  
  32  3:00  Drone x2  
  32  3:02  Drone  
  35  3:06  Drone  
  35  3:13  Zergling x8  
  35  3:15  Zergling x2  
  35  3:18  Zergling x2  
  41  3:22  Zergling x4  
  41  3:26  Overlord  
  43  3:36  Baneling  
  43  3:44  Drone x6  
  43  3:46  Evolution Chamber  
  48  3:49  Drone x2  
  48  3:50  Drone  
  48  3:52  Drone  
  48  3:55  Drone x2  
  54  4:00  Overlord  
  54  4:04  Drone  
  54  4:08  Overlord  
  55  4:13  Drone  
  55  4:14  Zerg Missile Weapons Level 1  
  57  4:17  Drone  
  57  4:22  Zergling x2  
  57  4:23  Drone  
  57  4:24  Drone, Roach Warren  
  60  4:25  Drone  
  60  4:26  Drone  
  60  4:27  Drone  
  60  4:29  Drone x2  
  60  4:31  Zergling x2  
  64  4:35  Zergling x2  
  64  4:37  Zergling x2  
  66  4:44  Extractor, Zergling x8  
  66  4:45  Extractor  
  66  4:52  Queen  
  68  4:58  Overlord, Queen  
  64  5:03  Drone x2  
  64  5:05  Baneling x2  
  66  5:08  Overlord  
  66  5:11  Drone  
  66  5:13  Drone  
  68  5:15  Overlord  
  68  5:16  Drone  
  68  5:17  Drone  
  68  5:19  Drone  
  71  5:24  Drone  
  72  5:28  Lair  
  72  5:32  Drone  
  72  5:34  Drone x2  
  72  5:35  Extractor  
  72  5:40  Drone x5  
  77  5:45  Baneling x2  
  77  5:48  Roach x5  
  77  5:49  Roach  
  89  5:54  Extractor, Roach, Spine Crawler  
  89  5:55  Baneling x2  
  89  6:01  Spine Crawler  
  89  6:02  Overlord  
  89  6:03  Roach x4  
  95  6:09  Roach  
  95  6:10  Overlord, Roach  

Tags
 
Add a new tag
Caveats
  • Supply blocks, unpowered buildings, or Contaminate may cause inaccurate times.
  • Supply counts are checked every 10 seconds.